 BcadrenCrawl: Boulder Brew version 0.04.2-14-g97babad5ff (webtiles) character file.

Game seed: 14508660976034111372, levelgen mode: deterministic

19262 diana the Whirler (level 13, -17/80 HPs) Kobold Hunter. Began on May 8, 2021. Was the Champion of Okawaru. Demolished by a boulder beetle (41 damage) ... on level 2 of the Lair of Beasts. The game lasted 00:26:35 (8947 turns).

diana the Whirler (Kobold Hunter)                   Turns: 8947, Time: 00:26:36

Health: -17/80     AC:  8    Str:  9    XL:     13 ^: 18066
Magic:  18/18      EV: 28    Int: 13    God:    Okawaru [6* [170]]
Gold:   624        SH:  0    Dex: 20    Spells: 12/12 levels left

rFire    x . .     Vision   .   D - +0 fustibalus
rCold    + . .     Gourm    .   i - +4 short sword (acid)
rNeg     . . .     Faith    .   F - +0 steam dragon scales
rPois    .         Spirit   .   (no helmet)
rElec    +         Reflect  .   (no cloak)
rCorr    .         Harm     .   f - +0 pair of gloves
MR       .....                  x - +1 pair of boots {rElec+}
Stlth    ++........             (no amulet)
HPRegen  0.36/turn              b - ring of evasion
MPRegen  0.28/turn              q - ring of ice

@: studying Crossbows
A: small, carnivore
a: Heroism, Finesse, Renounce Religion


You were on level 2 of the Lair of Beasts.
You worshipped Okawaru.
Okawaru was exalted by your worship.
You were not hungry.

You visited 3 branches of the dungeon, and saw 9 of its levels.

You collected 689 gold pieces.
You spent 65 gold pieces at shops.

Inventory:

Weapons
 i - a +4 short sword of caustic ooze (weapon)
 l - a +4 dagger of protection
 v - a +0 club
 D - a +0 fustibalus (weapon)
Armour
 f - a +0 pair of gloves (worn)
 t - a +3 leather armour
 x - a +1 pair of boots of insulation (worn)
 F - +0 steam dragon scales (worn)
Jewellery
 b - a ring of evasion (left hand)
 q - a ring of ice (right hand)
 H - an uncursed amulet of harm
Wands
 c - a wand of iceblast (6)
 j - a wand of polymorph (18)
 p - a wand of flame (17)
Scrolls
 m - 2 scrolls of enchantment
 o - 6 scrolls of fog
 r - 2 scrolls of teleportation
 s - a scroll of magic mapping
 u - 2 scrolls of amnesia
 w - 2 scrolls of blinking
 y - 2 scrolls of bless item
 C - a scroll of acquirement
 E - a scroll of fear
Potions
 a - 3 potions of berserk rage
 e - 5 potions of heal wounds
 g - 4 potions of agility
 h - 7 potions of curing
 k - 2 potions of cure mutation
 n - 4 potions of brilliance
 z - 2 potions of might
 A - 3 potions of resistance
 B - 2 potions of cancellation
 G - a potion of haste
Comestibles
 d - 15 rations


   Skills:
 + Level 9.0 Fighting
 + Level 11.6 Short Blades
 - Level 17.0 Slings
 + Level 9.7 Dodging
 - Level 1.3 Stealth
 + Level 7.9 Invocations


You had 12 spell levels left.
You didn't know any spells.
Your spell library contained the following spells:

 Spells                   Type           Power        Failure   Level  Hunger
 Silence                  Hex/Air        0 (200)      100%        5    ######.
 Summon Lightning Spire   Summ/Air       0 (100)      100%        5    ######.
 Conjure Ball Lightning   Air            0 (200)      100%        6    #######
 Deflect Missiles         Chrm/Air       0 (200)      100%        6    #######
 Tornado                  Air            0 (200)      100%        9    #######


Dungeon Overview and Level Annotations

Branches:
Dungeon (6/8)              Temple (1/1) D:4            Lair (2/6) D:5
  Swamp: Lair:2-4    Shoals: Lair:2-4     Snake: Lair:2-4    Spider: Lair:2-4
    Orc: D:6

Altars:
Ashenzari
Cheibriados
Dithmenos
Elyvilon
Fedhas Madash
Gozag Ym Sagoz
Hepliaklqana
Kikubaaqudgha
Makhleb
Nemelex Xobeh
Okawaru
Qazlal
Ru
Trog
Uskayaw
Vehumet
Wu Jian
Yredelemnul
The Shining One

Shops:
D:3 !


Innate Abilities, Weirdness & Mutations

You are small and have problems with some larger weapons.
You are carnivorous and can eat meat at any time.


Message History

The boulder beetle is severely wounded. (27/89) HP You hit the boulder beetle (5).
The boulder beetle is splashed with acid (1).
The acid corrodes the boulder beetle!
The boulder beetle is severely wounded. (21/89) HP You hit the boulder beetle (3).
The boulder beetle is splashed with acid (2).
The boulder beetle is almost dead. (16/89) HP The boulder beetle bites you (23)!!
* * * LOW HITPOINT WARNING * * *
You are too injured to fight recklessly!
You hit the boulder beetle (1).
The boulder beetle is splashed with acid (0).
The boulder beetle is almost dead. (15/89) HP You hit the boulder beetle (5).
The boulder beetle is splashed with acid (1).
The boulder beetle is almost dead. (9/89) HP The boulder beetle bites you (41)!!!
Ouch! That really hurt!
You die...

.................#
#...............##
...............#
#..#..........##
###..........#.#
#............###
##.............#
#..............P
#.#.@............
#..B...........#
#........##......
#........# ......
##..............%
#................
##.......... ...
...........


You could see a boulder beetle.

Vanquished Creatures
  Gastronok (Lair:1)
  Snorg (D:5)
  A chaos butterfly (Lair:2)
  Josephine (D:5)
  Erica (D:5)
  A two-headed ogre (D:4)
  A hydra (Lair:1)
  An oklob plant (Lair:1)
  3 black mambas (Lair:1)
  An ugly thing (D:6)
  Maggie (Lair:1)
  6 spiny frogs
  An elephant (Lair:1)
  A komodo dragon (Lair:1)
  3 blink frogs (Lair:1)
  4 wraiths
  A hippogriff (D:5)
  A yak (D:5)
  2 basilisks
  Purgy (D:2)
  A hydra skeleton (Lair:1)
  A vampire mosquito (D:6)
  3 guardian mummies
  A necrophage (D:4)
  A phantom (D:4)
  7 water moccasins
  4 orc warriors
  3 porcupines
  3 scorpions
  2 sky beasts
  5 ogres
  2 ice beasts (D:5)
  A black bear (D:5)
  6 crocodiles
  2 big kobolds (D:2)
  21 bullfrogs
  A gnoll sergeant (D:4)
  A centaur (D:5)
  A yak skeleton (Lair:1)
  4 howler monkeys
  2 spiny frog skeletons (Lair:1)
  A black mamba skeleton (Lair:1)
  An electric eel (Lair:1)
  2 crimson imps (D:4)
  3 orc priests
  2 hounds
  2 jellies
  5 orc wizards
  2 gnoll shamans
  6 mummies (D:4)
  4 worker ants
  2 water moccasin skeletons
  3 wyvern skeletons
  5 giant cockroaches
  An iron imp (D:3)
  2 bullfrog zombies
  3 bullfrog skeletons
  Robin (D:2)
  A wolf skeleton (Lair:1)
  A shadow imp (Temple)
  10 adders
  13 gnolls
  8 sewer rats (D:2)
  A white imp (D:4)
  5 cinder newts
  3 worms
  A giant cockroach zombie (D:4)
  2 hound skeletons (D:4)
  5 oozes
  A worker ant zombie (D:5)
  A howler monkey skeleton (D:4)
  2 dart slugs (D:1)
  An adder zombie (D:4)
  5 leopard geckos
  26 orcs
  6 adder skeletons
  6 hobgoblins
  15 jackals
  3 quokkas
  3 ball pythons
  5 bats
  A bat skeleton (D:2)
  18 goblins
  A goblin skeleton (D:2)
  13 kobolds
  2 leopard gecko skeletons
  A leopard gecko zombie (D:5)
  2 quokka zombies (D:4)
  4 rats (D:1)
  2 plants
  9 withered plants (D:2)
327 creatures vanquished.

Vanquished Creatures (others)
  2 giant cockroaches (D:2)
  A jackal (D:5)
  2 kobolds (D:2)
  4 fungi (D:5)
  49 plants
  2 slimeheads (D:2)
  143 withered plants (D:2)
203 creatures vanquished.

Grand Total: 530 creatures vanquished

Notes
Turn   | Place    | Note
-------+----------+-------------------------------------------
     0 | D:1      | diana the Kobold Hunter began the quest for the Orb.
     0 | D:1      | Reached XP level 1. HP: 12/12 MP: 1/1
    37 | D:1      | Reached skill level 6 in Slings
    76 | D:1      | Reached skill level 1 in Short Blades
   103 | D:1      | Reached XP level 2. HP: 17/17 MP: 2/2
   156 | D:1      | Reached XP level 3. HP: 21/21 MP: 3/3
   725 | D:2      | Noticed a bullfrog
   729 | D:2      | Killed a bullfrog
   729 | D:2      | Reached skill level 7 in Slings
   729 | D:2      | Reached XP level 4. HP: 17/26 MP: 4/4
   729 | D:2      | Reached XP level 5. HP: 19/30 MP: 5/5
  1019 | D:2      | Noticed Purgy
  1028 | D:2      | Killed Purgy
  1028 | D:2      | Reached skill level 8 in Slings
  1028 | D:2      | Reached XP level 6. HP: 17/35 MP: 6/6
  1144 | D:2      | Reached skill level 9 in Slings
  1161 | D:2      | Reached XP level 7. HP: 35/40 MP: 7/7
  1211 | D:2      | Reached skill level 5 in Short Blades
  1246 | D:2      | Reached skill level 10 in Slings
  1379 | D:2      | Found a hide-covered altar of Uskayaw.
  1809 | D:2      | Noticed Robin
  1919 | D:2      | Killed Robin
  1925 | D:2      | Reached XP level 8. HP: 36/44 MP: 8/8
  2694 | D:3      | Reached skill level 11 in Slings
  3020 | D:3      | Found Fierrus's Distillery.
  3029 | D:3      | Bought a potion of heal wounds for 65 gold pieces
  3192 | D:3      | Found a bloodstained altar of Trog.
  3295 | D:3      | Reached skill level 12 in Slings
  3836 | D:4      | Found a staircase to the Ecumenical Temple.
  3841 | D:4      | Noticed a two-headed ogre
  3848 | D:4      | Killed a two-headed ogre
  3848 | D:4      | Reached skill level 14 in Slings
  3848 | D:4      | Reached XP level 9. HP: 48/48 MP: 9/9
  3889 | D:4      | Reached skill level 15 in Slings
  4119 | D:4      | Reached skill level 16 in Slings
  4119 | D:4      | Reached XP level 10. HP: 48/53 MP: 10/10
  4245 | D:4      | Identified the cursed ring of Xurrecwy {rN+ MP+9 Str+5
                  | Dex+3 Slay+2, (Curse: Fragile)}
  4255 | D:4      | Found a basalt altar of Yredelemnul.
  4255 | D:4      | Found a hide-covered altar of Uskayaw.
  4255 | D:4      | Found a glowing golden altar of the Shining One.
  4256 | D:4      | Found a sacrificial altar of Ru.
  4342 | Temple   | Entered the Ecumenical Temple
  4407 | Temple   | Became a worshipper of Warmaster Okawaru
  4955 | D:4      | Identified the cursed +10 war axe "Corphub" {freeze, rC+
                  | Dex+4 Stlth+, (Curse: Int-4)}
  4965 | D:4      | Identified the cursed amulet of Xom's Malicious Joy {Gourm
                  | rPois rF+ Int+3, (Curse: *Slow Fragile)}
  4980 | D:4      | Reached skill level 17 in Slings
  5199 | D:4      | Identified a scroll of acquirement
  5399 | D:5      | Entered Level 5 of the Dungeon
  5399 | D:5      | Noticed Josephine
  5415 | D:4      | Received a gift from Okawaru
  5415 | D:4      | Reached * piety under Okawaru
  5644 | D:4      | your +4 dagger of protection protects you from harm!
  6293 | D:5      | Reached skill level 1 in Invocations
  6349 | D:5      | Reached ** piety under Okawaru
  6353 | D:5      | Noticed Erica
  6365 | D:5      | your +4 dagger of protection protects you from harm!
  6370 | D:5      | Killed Erica
  6370 | D:5      | Reached skill level 5 in Dodging
  6370 | D:5      | Reached XP level 11. HP: 39/62 MP: 10/12
  6447 | D:5      | Reached skill level 5 in Fighting
  6449 | D:5      | Received a gift from Okawaru
  6572 | D:5      | Killed Josephine
  6646 | D:5      | Found a snail-covered altar of Cheibriados.
  6651 | D:5      | Reached *** piety under Okawaru
  6685 | D:5      | Found a staircase to the Lair.
  6720 | D:5      | Found a blossoming altar of Fedhas.
  6766 | D:5      | Noticed Snorg
  6813 | D:5      | Killed Snorg
  6954 | D:6      | Found a hide-covered altar of Uskayaw.
  6964 | D:6      | Received a gift from Okawaru
  7024 | D:6      | your +4 dagger of protection protects you from harm!
  7029 | D:6      | Reached **** piety under Okawaru
  7115 | Lair:1   | Entered Level 1 of the Lair of Beasts
  7115 | Lair:1   | Found a sparkling altar of Nemelex Xobeh.
  7116 | Lair:1   | Reached skill level 5 in Invocations
  7126 | D:5      | Reached skill level 10 in Short Blades
  7353 | Lair:1   | Reached ***** piety under Okawaru
  7353 | Lair:1   | Reached XP level 12. HP: 68/72 MP: 16/16
  7593 | Lair:1   | Noticed Gastronok
  7605 | Lair:1   | Killed Gastronok
  7786 | Lair:1   | Received a gift from Okawaru
  7804 | Lair:1   | your +4 dagger of protection protects you from harm!
  8220 | Lair:1   | Noticed Maggie
  8239 | Lair:1   | Killed Maggie
  8257 | Lair:1   | Reached ****** piety under Okawaru
  8621 | Lair:1   | Noticed a mummy priest
  8744 | Lair:2   | Received a gift from Okawaru
  8803 | Lair:2   | Noticed a chaos butterfly
  8811 | Lair:2   | Killed a chaos butterfly
  8857 | Lair:1   | Reached XP level 13. HP: 73/80 MP: 18/18
  8947 | Lair:2   | Demolished by a boulder beetle

Levels and vault maps discovered:
D:1:      dpeg_arrival_water_temple_mockup, layout_basic, minmay_tiny_reverse_x
D:2:      layout_sewer, sewer_minmay_treatment, first_ration, basic_altar,
          minivault_11, hangedman_abyss_or_decor_lesser_grid,
          serial_bayou_lagoon_a, uniq_purgy
D:3:      layout_loops_corners, serial_shops, shop_statue, trog_book
D:4:      ossuary_tomb_3, layout_rooms,
          chequers_temple_overflow_statue_of_worship,
          minmay_temple_entry_statues_fountains
D:5:      layout_rooms, cheibriados_altar_1,
          bcadren_lemuel_inverted_doored_altar, grunt_lair_entry_orc_guard_hut,
          uniq_erica, uniq_josephine, uniq_snorg
D:6:      layout_stronghold, orc_0_dummy, basic_altar, serial_shops, shop,
          uniq_rupert
Temple:   nicolae_temple_x_marks_the_god
Lair:1:   layout_chaotic_city, nicolae_ossuary_entry_catacombs,
          lemuel_oklob_altar, lemuel_fruit_fields, grunt_megastairs_4,
          infiniplex_staircase_pool, uniq_gastronok, uniq_maggie
Lair:2:   layout_hall_layers, ebering_ghost_disaster_area,
          nicolae_lair_grove_arrangements

Skill      XL: |  1  2  3  4  5  6  7  8  9 10 11 12 |
---------------+-------------------------------------+-----
Slings         | 6 7 8 9 10 14 16 17 | 17.0
Short Blades   | 1 2 3 4 5 7 8 10 11 | 11.6
Dodging        | 5 7 9 |  9.7
Fighting       | 4 7 9 |  9.0
Invocations    | 2 5 7 |  7.9
Stealth        | |  1.3

Action                   |  1- 3 |  4- 6 |  7- 9 | 10-12 | 13-15 || total
-------------------------+-------+-------+-------+-------+-------++-------
Melee: Unarmed           |     5 |       |       |       |       ||     5
       Short sword       |    10 |    16 |    81 |   181 |    10 ||   298
       Dagger            |       |       |       |    92 |       ||    92
 Fire: Hunting sling     |    54 |    46 |   279 |    80 |       ||   459
       Fustibalus        |       |       |       |   345 |    17 ||   362
Invok: Heroism           |       |       |       |     5 |       ||     5
  Use: Potion            |       |       |       |     4 |       ||     4
       Scroll            |       |       |       |     3 |       ||     3
 Stab: Sleeping          |       |       |       |     2 |       ||     2
  Eat: Chunk             |       |     1 |     6 |    14 |       ||    21
       Ration            |       |       |     1 |     1 |       ||     2
Armor: Leather armour    |     2 |     3 |     5 |    38 |       ||    48
       Steam dragon scal |       |       |       |     3 |       ||     3
Dodge: Dodged            |     9 |     7 |    46 |   244 |       ||   306
